 Dungeon Crawl Stone Soup version 0.32-a0-640-gc5db3fc80f (webtiles) character file.

Game seed: 15204883794437775849

1652 seren the Slasher (level 8, -6/63 HPs)
             Began as a Demonspawn Fighter on Mar 7, 2024.
             Was a Follower of Beogh.
             Mangled by a vampire mosquito (8 damage)
             ... on level 7 of the Dungeon.
             The game lasted 00:16:52 (6191 turns).

seren the Slasher (Demonspawn Fighter)              Turns: 6191, Time: 00:16:53

Health: -6/63      AC:  9    Str: 17    XL:     8   Next: 68%
Magic:  10/10      EV: 10    Int:  8    God:    Beogh [*.....]
Gold:   271        SH:  5    Dex: 15    Spells: 7/7 levels left

rFire   + . .        a - +0 long sword
rCold   + . .        c - +0 buckler
rNeg    . . .        z - +0 scale mail
rPois   +            (helmet restricted)
rElec   .            C - scarf {rC+ rF+}
rCorr   +            D - +0 pair of gloves
SInv    .            (no boots)
Will    .....        f - amulet of faith Stlth
                     m - ring of resist corrosion
HPRegen 0.30/turn    G - ring of poison resistance
MPRegen 0.12/turn

%: faith
@: no status effects
A: horns 1, rugged brown scales 1, demonic guardian 1, demonic magic 1
a: Renounce Religion


You were on level 7 of the Dungeon.
You worshipped Beogh.
Beogh was aware of your devotion.
You visited 1 branch of the dungeon, and saw 7 of its levels.

You collected 271 gold pieces.

Inventory:

Hand Weapons
 a - a +0 long sword (weapon)
 b - the +1 rapier "Bainabus" {vamp, Str+4 Stlth+}
   (You found it on level 5 of the Dungeon)

   Str+4:     It affects your strength (+4).
   Stlth+:    It makes you more stealthy.
 w - a +1 short sword of draining
 B - the +5 hand axe "Tetestre" {protect, rElec rF+}
   (You found it on level 5 of the Dungeon)

   rF+:       It protects you from fire.
   rElec:     It insulates you from electricity.
 J - a +3 short sword
Missiles
 g - 5 boomerangs
 k - 77 stones
 A - 29 poisoned darts
 K - a curare-tipped dart
Armour
 c - a +0 buckler (worn)
 v - a +0 cloak
 z - a +0 scale mail (worn)
 C - a scarf of resistance (worn)
 D - a +0 pair of gloves (worn)
 M - an orb of guile
Jewellery
 f - an amulet of faith (around neck)
 m - a ring of resist corrosion (left hand)
 G - a ring of poison resistance (right hand)
Wands
 d - a wand of flame (17)
 I - a wand of acid (4)
Scrolls
 e - a scroll of immolation {unknown}
 l - a scroll of fog
 n - a scroll of torment
 p - 2 scrolls of poison
 r - 2 scrolls of vulnerability {unknown}
 s - 4 scrolls of fear
 t - 4 scrolls of teleportation {unknown}
 u - a scroll of noise {unknown}
 y - 4 scrolls of identify {unknown}
 H - a scroll of revelation {unknown}
 L - a scroll of enchant weapon {unknown}
Potions
 h - a potion of haste {unknown}
 i - 3 potions of heal wounds {unknown}
 j - a potion of ambrosia {unknown}
 o - 3 potions of curing {unknown}
 q - 2 potions of lignification {unknown}
 x - a potion of attraction {unknown}
 E - a potion of degeneration {unknown}


   Skills:
 + Level 5.0 Fighting
 * Level 5.3 Long Blades
 - Level 3.0 Throwing
 + Level 4.5 Armour
 + Level 3.5 Dodging
 + Level 4.5 Shields
 + Level 2.8 Invocations
 + Level 2.0 Evocations


You had 7 spell levels left.
You didn't know any spells.
Your spell library contained the following spells:

 Spells                   Type           Power      Damage    Failure   Level
 Kiss of Death            Conj/Necr      0%         2d5       87%         1
 Confusing Touch          Hex            0%         N/A       99%         3
 Hailstorm                Conj/Ice       0%         3d5       99%         3
 Summon Ice Beast         Ice/Summ       0%         N/A       99%         3
 Dispel Undead            Necr           0%         3d6       100%        4
 Sculpt Simulacrum        Ice/Alch       0%         N/A       100%        6


Dungeon Overview and Level Annotations

Branches:
Dungeon (7/15)
 Temple: D:4-7

Altars:
Cheibriados
Fedhas
Gozag

Annotations:
D:4 Grinder, Sigmund
D:5 1 runed translucent door, Crazy Yiuf
D:7 Joseph


Innate Abilities, Weirdness & Mutations

You have a pair of small horns on your head.
You are partially covered in rugged brown scales. (AC +1, +3% HP)
A weak demonic guardian rushes to your aid.
Spells you cast may paralyse adjacent enemies.


Message History

The vampire mosquito attacks as it pursues you!
You block the vampire mosquito's attack. x2
The vampire mosquito bites your shadow imp.
Your shadow imp dies!
Your shadow imp disappears in a puff of smoke!
The vampire mosquito barely misses you.
The vampire mosquito bites you but does no damage.
The vampire mosquito bites you.
* * * LOW HITPOINT WARNING * * *
The vampire mosquito draws strength from your injuries!
The vampire mosquito barely misses you. The vampire mosquito bites you.
* * * LOW HITPOINT WARNING * * *
The vampire mosquito draws strength from your injuries!
The vampire mosquito attacks as it pursues you!
The vampire mosquito bites you but does no damage.
The vampire mosquito barely misses you.
The vampire mosquito attacks as it pursues you!
The vampire mosquito bites you but does no damage.
You block the vampire mosquito's attack.
The vampire mosquito bites you.
* * * LOW HITPOINT WARNING * * *
The vampire mosquito draws strength from your injuries!
The vampire mosquito attacks as it pursues you!
The vampire mosquito bites you.
* * * LOW HITPOINT WARNING * * *
The vampire mosquito draws strength from your injuries!
The vampire mosquito bites you but does no damage.
The vampire mosquito barely misses you.
The vampire mosquito attacks as it pursues you!
The vampire mosquito bites you!
* * * LOW HITPOINT WARNING * * *
A demonic guardian appears!
The vampire mosquito draws strength from your injuries!
The vampire mosquito bites you.
* * * LOW HITPOINT WARNING * * *
The vampire mosquito draws strength from your injuries!
The vampire mosquito barely misses you.
The vampire mosquito attacks as it pursues you!
The vampire mosquito bites you!
You die...

#....>..##.##.....#####
###
...#...#.......##.##
.####..#......##...###
.............#####)..#
............## ##....#
..y.###...### ##....##
###.##.....####..##.#
#..(##..@.........###
.........#.....y@..#
........###....y)..#
........##......5###
................##
............#...##
..................#
..##.))............#
.....).....#.......#
.....).....#.......#


You could see 2 vampire mosquitoes and a friendly ufetubus (summoned).

Vanquished Creatures
  Jeremiah (D:7)
  A vampire mosquito (D:7)
  A sky beast (D:7)
  3 ogres
  A centaur (D:7)
  A phantom (D:5)
  2 kobold brigands
  A bullfrog (D:7)
  2 bombardier beetles
  2 jellies (D:6)
  A gnoll bouda (D:6)
  Terence (D:3)
  2 iguanas (D:5)
  Robin (D:3)
  7 adders
  8 gnolls
  A white imp (D:7)
  6 dart slugs
  A ribbon worm (D:5)
  7 orcs
  8 bats
  5 endoplasms
  9 giant cockroaches
  21 goblins
  11 hobgoblins
  12 jackals
  19 kobolds
  5 ball pythons
  4 frilled lizards
  6 rats
  A spectral kobold (D:3)
151 creatures vanquished.

Notes
Turn   | Place    | Note
-------+----------+-------------------------------------------
     0 | D:1      | seren the Demonspawn Fighter began the quest for the Orb.
     0 | D:1      | Reached XP level 1. HP: 18/18 MP: 1/1
    54 | D:1      | You fall into a shaft and drop 1 floor!
   186 | D:1      | Gained mutation: Spells you cast may paralyse adjacent
                  | enemies. [demonic ancestry]
   186 | D:1      | Reached XP level 2. HP: 24/24 MP: 2/2
   403 | D:1      | Gained mutation: You are partially covered in rugged brown
                  | scales. (AC +1, +3% HP) [demonic ancestry]
   403 | D:1      | Reached XP level 3. HP: 24/29 MP: 3/3
   492 | D:1      | Reached skill level 1 in Dodging
  1212 | D:2      | Identified the +8 dagger of Duty {drain, rPois Str-2 Int-4
                  | Dex+6}
  1346 | D:2      | Gained mutation: You have a pair of small horns on your
                  | head. [demonic ancestry]
  1346 | D:2      | Reached XP level 4. HP: 34/36 MP: 4/4
  1988 | D:3      | Found a faded altar of an unknown god.
  2157 | D:3      | Found a snail-covered altar of Cheibriados.
  2166 | D:3      | Reached XP level 5. HP: 33/42 MP: 5/5
  2254 | D:3      | Reached skill level 1 in Throwing
  2416 | D:3      | Noticed Terence
  2869 | D:3      | Killed Terence
  3145 | D:4      | Found an opulent altar of Gozag.
  3146 | D:4      | Noticed Grinder
  3155 | D:4      | Paralysed by Grinder for 4 turns
  3170 | D:4      | Paralysed by Grinder for 3 turns
  3326 | D:4      | Noticed Sigmund
  3326 | D:4      | Noticed Robin
  3473 | D:3      | Killed Robin
  3610 | D:3      | Reached XP level 6. HP: 43/49 MP: 6/6
  3829 | D:5      | Entered Level 5 of the Dungeon
  3927 | D:5      | Found a runed translucent door.
  3928 | D:5      | Noticed Crazy Yiuf
  4077 | D:5      | Identified the +1 rapier "Bainabus" {vamp, Str+4 Stlth+}
  4096 | D:5      | Identified the +5 hand axe "Tetestre" {protect, rElec rF+}
  4193 | D:5      | Gained mutation: A weak demonic guardian rushes to your
                  | aid. [demonic ancestry]
  4193 | D:5      | Reached XP level 7. HP: 49/55 MP: 7/7
  4509 | D:6      | Became a worshipper of Beogh the Shepherd
  5023 | D:6      | Found a blossoming altar of Fedhas.
  5308 | D:6      | Reached skill level 1 in Invocations
  5564 | D:7      | Reached * piety under Beogh
  5592 | D:7      | Reached skill level 1 in Evocations
  5592 | D:7      | Reached XP level 8. HP: 62/62 MP: 7/9
  5672 | D:7      | Noticed Jeremiah
  5746 | D:7      | Killed Jeremiah
  5747 | D:7      | Reached skill level 5 in Long Blades
  5898 | D:7      | Reached skill level 5 in Fighting
  6175 | D:7      | Noticed Joseph
  6190 | D:7      | HP: 1/63 [vampire mosquito (5)]
  6191 | D:7      | Mangled by a vampire mosquito

Illustrated notes

Levels and vault maps discovered:
D:1:      psy_arrival_fountain, layout_loops_ring
D:2:      layout_basic, st_stairs_8, minmay_joined_circles
D:3:      layout_loops_ring, slow_altar_2, serial_glass, glass_columns_b,
          glass_columns_c, glass_columns_a, glass_columns_c,
          dreamdust_ecumenical_altar_drowned_temple, uniq_terence
D:4:      layout_basic, mainiacjoe_overflow_catch_the_wave,
          lightli_temple_of_fire, uniq_sigmund, uniq_grinder, uniq_robin
D:5:      layout_basic, uniq_crazy_yiuf_cottage
D:6:      layout_gridville, dreamdust_divine_triumvirate,
          fedhas_altar_fruit_tree
D:7:      layout_cave_pools, minmay_temple_entry_large_hall, chequers_avenue,
          uniq_jeremiah, uniq_joseph

Skill      XL: |  1  2  3  4  5  6  7  8 |
---------------+-------------------------+-----
Long Blades    | 2 3 4 5 |  5.3
Dodging        | 1 2 3 |  3.5
Armour         | 3 4 |  4.5
Shields        | 3 4 |  4.5
Throwing       | 1 2 3 |  3.0
Fighting       | 4 5 |  5.0
Invocations    | 1 2 |  2.8
Evocations     | 1 2 |  2.0

Action                     |  1- 3 |  4- 6 |  7- 9 || total
---------------------------+-------+-------+-------++-------
  Melee: Long sword        |   181 |   215 |   135 ||   531
         Headbutt          |       |    36 |    17 ||    53
  Throw: Dart              |       |     8 |    10 ||    18
 Invoke: Convert to Beogh  |       |       |     1 ||     1
  Evoke: Wand              |       |       |     4 ||     4
    Use: Scroll            |       |     4 |       ||     4
         Potion            |       |       |     1 ||     1
 Armour: Scale mail        |   161 |   183 |   128 ||   472
  Dodge: Dodged            |   105 |   102 |    89 ||   296
  Block: Buckler           |    49 |    58 |    40 ||   147

Table legend: (Time is in decaauts)
 A = Elapsed time spent in this place.
 B = Non-inter-level travel time spent in this place.
 C = Inter-level travel time spent in this place.
 D = Time resting spent in this place.
 E = Time spent auto-exploring this place.
 F = Levels seen in this place.
 G = Mean time per level.
                   A        B        C        D        E       F      G
               +--------+--------+--------+--------+--------+-----+--------+
         Total |   6353 |   5903 |    450 |    993 |   2817 |   7 |  907.6 |
       Dungeon |   6353 |   5903 |    450 |    993 |   2817 |   7 |  907.6 |
               +--------+--------+--------+--------+--------+-----+--------+

Top non-repeatable levels by time:
     D:3: 1471 daAuts
     D:2: 1269 daAuts
     D:1: 961 daAuts
     D:6: 898 daAuts
     D:5: 837 daAuts
     D:7: 627 daAuts
     D:4: 287 daAuts
